 Dungeon Crawl Stone Soup version 0.30-a0-23-ge60ba3568b (webtiles) character file.

Game seed: 6934462926003284918

156 xian the Chopper (level 5, -2/41 HPs)
             Began as a Demonspawn Cinder Acolyte on Aug 25, 2022.
             Was a High Priest of Ignis.
             Slain by a gnoll
             ... wielding a +0 halberd
              (3 damage)
             ... on level 4 of the Dungeon.
             The game lasted 00:09:27 (3052 turns).

xian the Chopper (Demonspawn Cinder Acolyte)        Turns: 3052, Time: 00:09:27

Health: -2/41      AC: 18    Str: 16    XL:     5   Next: 14%
Magic:  6/6        EV:  4    Int: 16    God:    Ignis [*****.]
Gold:   205        SH:  5    Dex:  8    Spells: 6/6 levels left

rFire   + . .      SeeInvis .    a - -1 hand axe (flame)
rCold   . . .      Faith    .    (no shield)
rNeg    . . .      Spirit   .    v - +0 plate armour
rPois   .          Reflect  +    c - +0 helmet
rElec   .          Harm     .    (no cloak)
rCorr   .          Rampage  .    (no gloves)
Will    .....                    (no boots)
Stlth   ..........               f - amulet of reflection
HPRegen 0.13/turn                (no ring)
MPRegen 0.10/turn                (no ring)

@: fiery-armoured
A: claws 1, hooves 1, powered by death 1
a: Renounce Religion, Fiery Armour, Foxfire Swarm, Rising Flame


You were on level 4 of the Dungeon.
You worshipped Ignis.
Ignis was extremely pleased with you.
You visited 1 branch of the dungeon, and saw 4 of its levels.

You collected 205 gold pieces.

Inventory:

Hand Weapons
 a - a -1 hand axe of flaming (weapon)
Missiles
 p - 2 poisoned darts (quivered)
Armour
 c - a +0 helmet (worn)
 n - a +0 leather armour
 v - a +0 plate armour (worn)
Jewellery
 f - an amulet of reflection (around neck)
Scrolls
 b - a scroll of magic mapping {unknown}
 d - 5 scrolls of identify {unknown}
 e - a scroll of amnesia {unknown}
 h - 2 scrolls of enchant armour {unknown}
 i - 3 scrolls of blinking {unknown}
 j - 2 scrolls of acquirement {unknown}
 k - a scroll of enchant weapon {unknown}
 l - a scroll of fear {unknown}
 t - a scroll of brand weapon {unknown}
Potions
 g - a potion of brilliance {unknown}
 m - a potion of haste {unknown}
 o - a potion of curing {unknown}
 r - a potion of degeneration {unknown}
 s - a potion of resistance {unknown}
 u - a potion of lignification {unknown}


   Skills:
 + Level 3.6 Fighting
 + Level 3.7 Axes
 + Level 0.7 Armour
 + Level 1.6 Dodging
 + Level 0.7 Stealth
 + Level 1.5 Shields
 + Level 1.0 Spellcasting
 + Level 2.8 Fire Magic


You had 6 spell levels left.
You didn't know any spells.
Your spell library contained the following spells:

 Spells                   Type           Power      Damage    Failure   Level
 Scorch                   Fire           18%        2d6       100%        2
 Call Canine Familiar     Summ           0%         N/A       100%        3
 Portal Projectile        Hex/Tloc       0%         N/A       100%        3
 Tukima's Dance           Hex            0%         N/A       100%        3
 Flame Wave               Conj/Fire      5%         2d5       100%        4
 Leda's Liquefaction      Hex/Erth       0%         N/A       100%        4
 Blade Hands              Tmut           0%         N/A       100%        5
 Summon Forest            Summ/Tloc      0%         N/A       100%        5
 Eringya's Noxious Bog    Tmut/Pois      0%         N/A       100%        6
 Summon Cactus Giant      Summ           0%         N/A       100%        6
 Summon Hydra             Summ           0%         N/A       100%        7


Dungeon Overview and Level Annotations

Branches:
Dungeon (3/15)

Altars:


Innate Abilities, Weirdness & Mutations

You have sharp fingernails.
You have large cloven feet.
You regenerate a little health from kills.


Message History

The gnoll is moderately wounded.
The gnoll hits you but does no damage. x2
Unknown command.
You hit the gnoll but do no damage. Your kick misses the gnoll.
The gnoll is moderately wounded.
The gnoll hits you with a +1 whip of electrocution.
You are electrocuted!!
* * * LOW HITPOINT WARNING * * *
The gnoll hits you but does no damage.
You hit the gnoll. You burn the gnoll.
The gnoll is severely wounded.
The gnoll hits you with a +1 whip of electrocution.
* * * LOW HITPOINT WARNING * * *
The gnoll barely misses you.
You closely miss the gnoll. You kick the gnoll.
The gnoll is almost dead.
You block the gnoll's attack. The gnoll hits you but does no damage.
Unknown command.
A protective cloak of flame settles atop you.
You block the gnoll's attack. The gnoll hits you but does no damage.
The gnoll is burned by your cloak of flames.
You kill the gnoll!
The gnoll hits you but does no damage.
The gnoll is burned by your cloak of flames.
The gnoll is moderately wounded.
Things that are here:
a +1 whip of electrocution; a +0 whip; a gnoll corpse You barely miss the gnoll.
You kick the gnoll, but do no damage.
The gnoll is moderately wounded.
The gnoll hits you with a +0 halberd.
* * * LOW HITPOINT WARNING * * *
The gnoll is burned by your cloak of flames.
The gnoll is heavily wounded.
The gnoll hits you but does no damage.
The gnoll is burned by your cloak of flames.
The gnoll is almost dead.
You hit the gnoll but do no damage.
The gnoll is almost dead.
The gnoll hits you with a +0 halberd.
You die...

#. .# .#
. #. ##.#
#...####
#g@..#
#...##.#
#### #.#
#.# #.#
#.#
#########
#.#
#........
#.#
#.######.
#.# #.#
#.


You could see a gnoll.

Vanquished Creatures
  A scorpion (D:4)
  2 gnolls (D:4)
  5 adders (D:2)
  3 endoplasms
  3 giant cockroaches
  2 goblins (D:2)
  4 hobgoblins
  4 quokkas
  2 ball pythons
  5 bats
  A frilled lizard (D:3)
  4 kobolds
  3 rats
39 creatures vanquished.

Vanquished Creatures (others)
  15 foxfires (D:2)
15 creatures vanquished.

Grand Total: 54 creatures vanquished

Notes
Turn   | Place    | Note
-------+----------+-------------------------------------------
     0 | D:1      | xian the Demonspawn Cinder Acolyte began the quest for the
                  | Orb.
     0 | D:1      | Reached XP level 1. HP: 18/18 MP: 2/2
    75 | D:1      | Found a faded altar of an unknown god.
   569 | D:1      | Gained mutation: You regenerate a little health from kills.
                  | [demonic ancestry]
   569 | D:1      | Reached XP level 2. HP: 9/24 MP: 3/3
  1076 | D:2      | Reached skill level 1 in Shields
  1076 | D:2      | Reached XP level 3. HP: 7/29 MP: 4/4
  1789 | D:2      | Reached skill level 1 in Dodging
  1818 | D:2      | Discovered your monstrous ancestry.
  1818 | D:2      | Gained mutation: You have large cloven feet. [demonic
                  | ancestry]
  1818 | D:2      | Reached XP level 4. HP: 28/35 MP: 5/5
  2682 | D:3      | You fall into a shaft and drop 1 floor!
  2716 | D:4      | Noticed a scorpion
  2727 | D:4      | Killed a scorpion
  3041 | D:4      | Gained mutation: You have sharp fingernails. [demonic
                  | ancestry]
  3041 | D:4      | Reached XP level 5. HP: 41/41 MP: 6/6
  3046 | D:4      | HP: 2/41 [gnoll/+1 whip of electrocution (18)]
  3051 | D:4      | HP: 1/41 [gnoll/+0 halberd (2)]
  3052 | D:4      | Slain by a gnoll

Illustrated notes

Levels and vault maps discovered:
D:1:      psy_arrival_terrarium, layout_rooms,
          shapermc_ecumenical_altar_notcrosses
D:2:      layout_rooms
D:3:      layout_loops_ring
D:4:      layout_loops_ring

Skill      XL: |  1  2  3 |
---------------+----------+-----
Axes           | 3 |  3.7
Shields        | 1 |  1.5
Dodging        | 1 |  1.6
Fighting       | |  3.6
Armour         | |  0.7
Stealth        | |  0.7
Spellcasting   | |  1.0
Fire Magic     | |  2.8

Action                   |  1- 3 |  4- 6 || total
-------------------------+-------+-------++-------
Melee: Hand axe          |    97 |    33 ||   130
       Kick              |       |    12 ||    12
Throw: Dart              |       |     3 ||     3
Invok: Foxfire Swarm     |     1 |       ||     1
       Fiery Armour      |       |     1 ||     1
Armor: Robe              |    18 |       ||    18
       Leather armour    |    10 |     1 ||    11
       Chain mail        |       |    16 ||    16
       Plate armour      |       |    12 ||    12
Dodge: Dodged            |    64 |     8 ||    72
Block: Other             |    23 |    11 ||    34
       Reflection        |     1 |       ||     1

Table legend: (Time is in decaauts)
 A = Elapsed time spent in this place.
 B = Non-inter-level travel time spent in this place.
 C = Inter-level travel time spent in this place.
 D = Time resting spent in this place.
 E = Time spent auto-exploring this place.
 F = Levels seen in this place.
 G = Mean time per level.
                   A        B        C        D        E       F      G
               +--------+--------+--------+--------+--------+-----+--------+
         Total |   3069 |   3030 |     39 |      0 |   2415 |   4 |  767.2 |
       Dungeon |   3069 |   3030 |     39 |      0 |   2415 |   4 |  767.2 |
               +--------+--------+--------+--------+--------+-----+--------+

Top non-repeatable levels by time:
     D:1: 1074 daAuts
     D:2: 979 daAuts
     D:3: 642 daAuts
     D:4: 372 daAuts
